 Dungeon Crawl Stone Soup version 0.30-a0-347-gf58ed5266c (webtiles) character file.

Game seed: 3878490143676675169

6 mcwallace the Caller (level 1, -1/9 HPs)
             Began as a Vine Stalker Summoner on Nov 6, 2022.
             Frozen to death by an endoplasm (4 damage)
             ... on level 1 of the Dungeon.
             The game lasted 00:00:34 (263 turns).

mcwallace the Caller (Vine Stalker Summoner)         Turns: 263, Time: 00:00:35

Health: -1/9       AC:  2    Str: 10    XL:     1   Next: 90%
Magic:  0/4        EV: 12    Int: 15    God:
Gold:   12         SH:  0    Dex: 14    Spells: 3/4 levels left

rFire   . . .      SeeInvis .    c - +0 sling
rCold   . . .      Faith    .    (no shield)
rNeg    . . .      Spirit   +    a - +0 robe
rPois   .          Reflect  .    (no helmet)
rElec   .          Harm     .    (no cloak)
rCorr   .          Rampage  .    (no gloves)
Will    .....                    (no boots)
Stlth   ++........               (no amulet)
HPRegen 0.21/turn                (no ring)
MPRegen 0.09/turn                (no ring)

@: no status effects
A: fangs 2, magic shield, antimagic bite, no potion heal 2
a: no special abilities


You were on level 1 of the Dungeon.
You visited 1 branch of the dungeon, and saw 1 of its levels.

You collected 12 gold pieces.


Innate Abilities, Weirdness & Mutations

You have extremely sharp teeth.
When hurt, damage is shared between your health and your magic reserves.
Your bite disrupts and absorbs the magic of your enemies.
Potions cannot restore your health.


   Skills:
 + Level 0.3 Fighting
 + Level 1.7 Dodging
 - Level 2.4 Stealth
 + Level 2.3 Spellcasting
 + Level 4.0 Summonings


You had 3 spell levels left.
You knew the following spells:

 Your Spells              Type           Power      Damage    Failure   Level
a - Summon Small Mammal   Summ           56%        N/A       4%          1

Your spell library contained the following spells:

 Spells                   Type           Power      Damage    Failure   Level
 Call Imp                 Summ           14%        N/A       6%          2
 Call Canine Familiar     Summ           14%        N/A       12%         3
 Summon Guardian Golem    Hex/Summ       7%         N/A       28%         3
 Summon Lightning Spire   Summ/Air       7%         N/A       67%         4

Inventory:

Hand Weapons
 c - a +0 sling (weapon)
   (You found it on level 1 of the Dungeon)
Missiles
 i - 7 stones {throwing}
Armour
 a - a +0 robe (worn)
 g - a +0 robe
   (You found it on level 1 of the Dungeon)
 k - a +0 robe
   (You found it on level 1 of the Dungeon)
Scrolls
 e - a scroll of poison {unknown}
 f - a scroll of vulnerability {unknown}
 h - a scroll of identify {unknown}
Potions
 b - a potion of magic
 d - a potion of mutation {unknown}
 j - a potion of curing {unknown}
 l - a potion of attraction {unknown}

Dungeon Overview and Level Annotations

Branches:
Dungeon (1/15) Zot: 5729

Altars:

. ..###.# ###.##..####.
#.# ........... .....#
........####..##.##
..†...............
..................
###.##..####.. #b#
###.##..####..##J######...
...............b@.......#
###.##.####..>##..#####.#
###.##.####...##..#####.##
.............>...........#
..........#..#.......##..
######.####..#.#..#####..#
..........................
....##.####..#.#..#####...
.##.##.#........†........


You could see an endoplasm (ally target) and 2 friendly bats.


Message History

😎 MP[-1]
You lost 1 mp, and now have 3/4 mp.
Fire: c) +0 sling
Press: ? - help, Q - select action, (/) - cycle Shift-Dir - straight line, f/p - bat
Aim: a bat (37% to hit)
You shoot a sling bullet. The sling bullet hits the bat.
You kill the bat!
Fire: c) +0 sling
Press: ? - help, Q - select action, (/) - cycle Shift-Dir - straight line, f - you That would be overly suicidal.
Okay, then.
Fire: c) +0 sling
Press: ? - help, Q - select action, (/) - cycle Shift-Dir - straight line, f - you That would be overly suicidal.
Okay, then.
j - a metallic amethyst potion 😎 MP[+1]
Your mp is fully restored (4).
You now have 12 gold pieces.
You see here a bat corpse.
Key pressed, stopping explore.
k - a +0 robe
Found a stone staircase leading down.
Found a stone staircase leading down.
l - an orange potion A hobgoblin comes into view.
A hobgoblin is nearby!
A hobgoblin is nearby!
Fire: c) +0 sling
Press: ? - help, Q - select action, (/) - cycle Shift-Dir - straight line, f - hobgoblin
Aim: a hobgoblin (asleep, 98% to hit)
You shoot a sling bullet. The sling bullet hits the hobgoblin.
You kill the hobgoblin!
Fire: c) +0 sling
Press: ? - help, Q - select action, (/) - cycle Shift-Dir - straight line, f - you That would be overly suicidal.
Okay, then.
Unknown command.
Unknown command.
An endoplasm comes into view.
An endoplasm is nearby!
An endoplasm is nearby!
An endoplasm is nearby!
An endoplasm is nearby!
Fire: c) +0 sling
Press: ? - help, Q - select action, (/) - cycle Shift-Dir - straight line, f - endoplasm
Aim: an endoplasm (asleep, 98% to hit)
You shoot a sling bullet.
The sling bullet hits the endoplasm but does no damage.
The endoplasm quivers.
Fire: c) +0 sling
Press: ? - help, Q - select action, (/) - cycle Shift-Dir - straight line, f/p - endoplasm
Aim: an endoplasm (84% to hit)
You shoot a sling bullet. The sling bullet hits the endoplasm.
The endoplasm barely misses you.
Fire: c) +0 sling
Press: ? - help, Q - select action, (/) - cycle Shift-Dir - straight line, f/p - endoplasm
Aim: an endoplasm (moderately wounded, 84% to hit)
You shoot a sling bullet.
The sling bullet hits the endoplasm but does no damage.
The endoplasm freezes you.
You are frozen.
The endoplasm closely misses you. 😕 HP[-1]
You take 1 damage, and now have 8/9 hp.
Fire: c) +0 sling
Press: ? - help, Q - select action, (/) - cycle Shift-Dir - straight line, f/p - endoplasm
Aim: an endoplasm (moderately wounded, 84% to hit)
You shoot a sling bullet.
The sling bullet completely misses the endoplasm.
The endoplasm freezes you.
You are frozen. 😕 HP[-1] MP[-1]
You take 1 damage, and now have 7/9 hp.
You lost 1 mp, and now have 3/4 mp.
Casting: Summon Small Mammal (safe; 4% risk of failure)
Confirm with . or Enter, or press ? or * to list all spells.
The endoplasm barely misses you. 😕 MP[-1]
You lost 1 mp, and now have 2/4 mp.
Casting: Summon Small Mammal (safe; 4% risk of failure)
Confirm with . or Enter, or press ? or * to list all spells.
Your bat barely misses the endoplasm.
Your bat hits the endoplasm but does no damage.
The endoplasm freezes you.
You are frozen.
* * * LOW HITPOINT WARNING * * *
Your bat hits the endoplasm but does no damage. 😨 HP[-4] MP[-2]
You take 4 damage, and now have 3/9 hp.
MASSIVE DAMAGE!! (PAUSE)
You lost 2 mp, and now have 0/4 mp.
Fire: c) +0 sling
Press: ? - help, Q - select action, (/) - cycle Shift-Dir - straight line, f/p - endoplasm
Aim: an endoplasm (moderately wounded, ally target, 84% to hit)
You shoot a sling bullet.
The sling bullet barely misses the endoplasm.
Your bat barely misses the endoplasm.
Your bat hits the endoplasm but does no damage.
The endoplasm freezes you.
You are frozen.
You die...

Action                   || total
-------------------------++-------
Melee: Unarmed           ||     2
       Bite              ||     1
 Fire: Sling             ||    11
 Cast: Summon Small Mamm ||     4
 Stab: Sleeping          ||     1
Dodge: Dodged            ||     7

Levels and vault maps discovered:
D:1:      evilmike_arrival_crescent, layout_basic

Notes
Turn   | Place    | Note
-------+----------+-------------------------------------------
     0 | D:1      | mcwallace the Vine Stalker Summoner began the quest for the
                  | Orb.
     0 | D:1      | Reached XP level 1. HP: 9/9 MP: 4/4
     0 | D:1      | magus.rc [v1.9.6]
   263 | D:1      | Frozen to death by an endoplasm

Vanquished Creatures
  A ball python (D:1)
  A hobgoblin (D:1)
  2 bats (D:1)
  A frilled lizard (D:1)
5 creatures vanquished.

Vanquished Creatures (collateral kills)
  A ball python (D:1)
1 creature vanquished.

Grand Total: 6 creatures vanquished

Table legend:
 A = Non-vault XP
 B = Vault XP
 C = Vault XP percentage of total XP
 D = Non-vault monster count
 E = Vault monster count
 F = Vault count percentage of total count
                 A         B        C        D         E       F
            +---------+---------+-------+---------+---------+-------
      Total |       9 |       0 |   0.0 |       6 |       0 |   0.0
            +---------+---------+-------+---------+---------+-------
        D:1 |       9 |       0 |   0.0 |       6 |       0 |   0.0
            +---------+---------+-------+---------+---------+-------

Illustrated notes

Table legend:
 A = Kills in this place as a percentage of kills in entire the game.
 B = Kills by you in this place as a percentage of kills by you in the entire game.
 C = Kills by friends in this place as a percentage of kills by friends in the entire game.
 D = Other kills in this place as a percentage of other kills in the entire game.
 E = Experience gained in this place as a percentage of experience gained in the entire game.
 F = Experience gained in this place divided by the number of levels of this place that you have seen.
                   A       B       C       D       E      F
               +-------+-------+-------+-------+-------+----------------------
         Total | 100.0 | 100.0 | 100.0 |   N/A | 100.0 |   9.0
       Dungeon | 100.0 | 100.0 | 100.0 |   N/A | 100.0 |   9.0
               +-------+-------+-------+-------+-------+----------------------

Table legend: (Time is in decaauts)
 A = Elapsed time spent in this place.
 B = Non-inter-level travel time spent in this place.
 C = Inter-level travel time spent in this place.
 D = Time resting spent in this place.
 E = Time spent auto-exploring this place.
 F = Levels seen in this place.
 G = Mean time per level.
                   A        B        C        D        E       F      G
               +--------+--------+--------+--------+--------+-----+--------+
         Total |    269 |    269 |      0 |      0 |    224 |   1 |  269.0 |
       Dungeon |    269 |    269 |      0 |      0 |    224 |   1 |  269.0 |
               +--------+--------+--------+--------+--------+-----+--------+

Top non-repeatable levels by time:
     D:1: 269 daAuts
